Map: Nightscape LE

Players

IIIIIIIIIIII - Winner!

  • Race: Zerg Zerg

IMPERATOR - Winner!

  • Race: Terran Terran

llllllllllll

  • Race: Terran Terran

Zen

  • Race: Terran Terran
  • League: Master

VOD

Have the link to the VOD?

Description

Time

  • Played on: July 29, 2021, 6:56 p.m.
  • Length: 10:23
Show
View Real Time Build Order
Export as new Build Order

IIIIIIIIIIII Zerg - Winner!

Build Orders: Hatch First 

Get SALT Encoding   

  12  0:00  Drone  
  13  0:12  Overlord  
  13  0:17  Drone  
  14  0:31  Drone x2  
  16  0:36  Drone  
  17  0:52  Hatchery  
  17  0:55  Drone  
  17  0:58  Drone  
  18  1:07  Drone  
  18  1:09  Extractor  
  18  1:17  Spawning Pool  
  17  1:20  Drone  
  18  1:30  Drone  
  19  1:39  Drone  
  20  1:49  Drone  
  21  2:02  Overlord  
  21  2:08  Queen x2  
  23  2:10  Zergling x2  
  23  2:11  Drone  
  23  2:12  Metabolic Boost  
  23  2:15  Drone  
  28  2:22  Zergling x2  
  29  2:27  Drone  
  30  2:35  Overlord  
  30  2:41  Drone  
  31  2:45  Drone  
  31  2:48  Drone  
  31  2:49  Extractor  
  31  2:50  Lair  
  32  2:54  Drone  
  33  2:59  Extractor  
  33  3:04  Drone  
  33  3:05  Queen  
  33  3:08  Drone  
  36  3:19  Drone x7  
  43  3:25  Overlord  
  43  3:29  Extractor  
  42  3:35  Drone  
  42  3:36  Drone  
  44  3:42  Overlord  
  44  3:51  Spire  
  44  3:52  Drone x3  
  44  3:53  Drone  
  47  3:57  Drone  
  47  3:58  Drone  
  49  4:03  Overlord  
  49  4:11  Drone x3  
  49  4:14  Overlord  
  52  4:28  Overlord  
  52  4:41  Drone  
  53  4:46  Hatchery  
  52  5:03  Mutalisk x7  
  52  5:04  Mutalisk x2  
  70  5:11  Mutalisk  
  72  5:18  Overlord  
  72  5:19  Overlord  
  72  5:27  Overlord  
  72  5:28  Drone x7  
  79  5:38  Overlord x2  
  79  5:46  Drone x2  
  81  5:53  Drone x2  
  81  5:55  Drone x2  
  81  5:56  Evolution Chamber x2  
  83  6:02  Drone x2  
  85  6:22  Drone  
  85  6:24  Extractor x2  
  78  6:26  Zerg Ground Armor Level 1, Zerg Melee Weapons Level 1  
  78  6:29  Drone x2  
  78  6:30  Infestation Pit  
  79  6:34  Mutalisk x5  
  89  6:45  Zerg Flyer Weapons Level 1  
  89  6:46  Spore Crawler  
  88  6:57  Hatchery  
  88  6:59  Mutalisk x2  
  91  7:01  Zergling x12  
  91  7:02  Zergling x12  
  91  7:03  Spore Crawler  
  102  7:12  Hive  
  102  7:16  Overlord x2  
  102  7:29  Drone  
  104  7:30  Drone x4  
  104  7:31  Drone x4, Spore Crawler  
  102  8:02  Drone x7, Hatchery  
  102  8:03  Drone x7  
  104  8:27  Ultralisk Cavern  
  104  8:30  Extractor  
  104  8:32  Extractor  
  96  8:37  Zergling x2  
  96  8:38  Zergling x36  
  115  8:49  Spore Crawler  
  115  8:50  Overlord  
  114  8:57  Zergling x6  
  117  9:03  Overlord  
  117  9:04  Overlord x3  
  114  9:26  Ultralisk x4  
  114  9:27  Ultralisk  
  114  9:31  Ultralisk x2  
  155  9:37  Hatchery  
  155  9:38  Zergling x20  
  167  10:03  Zergling x16  
Show
View Real Time Build Order
Export as new Build Order

IMPERATOR Terran - Winner!

Build Orders:  

Get SALT Encoding   

  12  0:00  SCV  
  13  0:12  SCV  
  14  0:17  Supply Depot  
  14  0:25  SCV  
  14  0:27  Refinery  
  15  0:38  SCV  
  16  0:44  Barracks  
  16  0:52  SCV  
  16  0:56  Refinery  
  17  1:05  SCV  
  18  1:17  SCV  
  19  1:32  Reaper  
  21  1:36  Factory  
  21  1:38  Orbital Command  
  20  1:44  Supply Depot  
  20  2:04  SCV, Reaper  
  22  2:23  Hellion  
  22  2:25  SCV  
  25  2:47  Factory Tech Lab  
  25  2:52  Supply Depot  
  25  2:55  Barracks Reactor  
  25  2:56  SCV  
  26  2:59  Command Center  
  26  3:09  SCV  
  27  3:13  Cyclone  
  28  3:43  Marine x2  
  28  3:44  Mag-Field Accelerator  
  28  3:45  SCV, Cyclone  
  28  3:47  Starport  
  33  3:57  SCV  
  34  4:04  Marine x2  
  36  4:11  SCV, Orbital Command  
  36  4:14  Refinery  
  37  4:18  Cyclone  
  37  4:22  Marine x2  
  37  4:23  SCV  
  43  4:28  Medivac  
  45  4:32  Supply Depot  
  45  4:35  SCV  
  46  4:39  SCV  
  46  4:45  Marine x2  
  49  4:47  SCV  
  49  4:50  Cyclone  
  49  4:51  SCV  
  54  4:53  Supply Depot  
  55  5:00  SCV  
  55  5:03  SCV  
  56  5:12  SCV  
  56  5:13  Command Center  
  57  5:14  Marine  
  57  5:15  SCV, Starport Tech Lab  
  54  5:38  Cyclone, Marine x2  
  50  5:55  Marine  
  50  5:56  Marine  
  52  5:59  SCV x2  
  52  6:02  Fusion Core  
  54  6:11  Refinery, Siege Tank, SCV x2  
  57  6:13  Raven  
  60  6:30  Marine x2  
  61  6:37  SCV x2  
  63  6:42  Fusion Core, Starport  
  63  6:45  Starport  
  63  6:49  SCV x2  
  63  6:51  Supply Depot  
  63  6:52  Supply Depot  
  65  7:01  Marine  
  65  7:02  Marine  
  65  7:03  Siege Tank  
  70  7:09  SCV  
  70  7:11  Refinery  
  70  7:12  SCV  
  73  7:23  Orbital Command  
  73  7:26  Weapon Refit  
  73  7:28  Starport Tech Lab x2  
  72  7:30  SCV x2  
  74  7:42  SCV x2  
  76  7:56  Battlecruiser  
  81  8:04  SCV x3  
  84  8:08  Refinery  
  84  8:11  Battlecruiser  
  84  8:12  Armory  
  90  8:13  Armory  
  90  8:16  SCV x2  
  90  8:18  SCV  
  93  8:29  SCV x2  
  93  8:30  SCV  
  96  8:42  Supply Depot  
  96  8:43  SCV x2, Supply Depot  
  96  8:44  SCV  
  99  8:55  SCV  
  100  9:04  Battlecruiser  
  106  9:13  Supply Depot  
  106  9:19  Command Center  
  106  9:23  SCV  
  89  9:50  Marine x2  
Show
View Real Time Build Order
Export as new Build Order

llllllllllll Terran 

Build Orders: 2 Factory, Gas First Reaper Expand, Hellion Opening 

Get SALT Encoding   

  12  0:00  SCV  
  13  0:12  SCV  
  14  0:17  Supply Depot  
  14  0:24  SCV  
  15  0:29  Refinery  
  15  0:38  SCV  
  16  0:44  Barracks  
  16  0:50  SCV  
  17  1:02  SCV  
  18  1:14  SCV  
  19  1:31  Reaper, Orbital Command  
  20  1:42  Command Center  
  20  1:55  Factory  
  20  1:58  SCV  
  21  2:02  Refinery  
  21  2:10  SCV  
  21  2:12  Barracks Reactor  
  22  2:16  Supply Depot  
  22  2:23  SCV  
  23  2:38  SCV  
  23  2:42  Factory  
  23  2:50  SCV  
  24  2:52  Hellion  
  24  2:53  Hellion  
  24  2:56  Orbital Command  
  28  3:04  Barracks Tech Lab  
  28  3:05  SCV  
  29  3:14  Hellion x2  
  29  3:18  SCV  
  32  3:33  SCV  
  32  3:34  SCV  
  32  3:35  Hellion x2  
  32  3:37  Mag-Field Accelerator  
  36  3:44  Cyclone  
  36  3:48  SCV  
  40  3:53  SCV  
  41  4:00  Supply Depot  
  41  4:11  Command Center  
  41  4:13  SCV  
  41  4:14  SCV  
  43  4:20  Cyclone  
  46  4:25  SCV  
  46  4:26  SCV  
  46  4:29  Supply Depot  
  48  4:37  SCV  
  48  4:38  SCV  
  50  4:41  Hellion x2  
  54  4:46  Supply Depot  
  54  4:50  SCV x2  
  56  4:56  Cyclone  
  59  5:02  SCV, Hellion  
  62  5:08  SCV, Supply Depot, Hellion  
  65  5:14  SCV  
  65  5:18  Factory x3  
  66  5:24  SCV x2  
  68  5:28  SCV  
  68  5:30  Cyclone  
  68  5:31  Hellion x2  
  72  5:36  SCV  
  72  5:41  Orbital Command  
  66  5:50  SCV x2  
  68  6:02  Cyclone, Engineering Bay  
  68  6:03  Factory Tech Lab x2  
  71  6:10  SCV x2  
  68  6:13  Factory Reactor  
  68  6:15  SCV  
  60  6:22  SCV x2  
  57  6:27  SCV  
  58  6:40  Missile Turret  
  58  6:46  SCV, Missile Turret  
  59  6:51  SCV x2  
  61  7:03  SCV x2  
  61  7:06  SCV  
  64  7:08  Missile Turret  
  64  7:09  Missile Turret  
  64  7:15  SCV x2  
  64  7:23  SCV  
  64  7:25  Refinery  
  64  7:26  Refinery  
  64  7:27  SCV x2  
  64  7:28  Armory, Missile Turret  
  64  7:29  Armory  
  67  7:30  Missile Turret  
  67  7:35  SCV  
  66  7:39  SCV  
  66  7:42  SCV  
  66  7:43  Cyclone x2  
  69  7:47  SCV  
  69  7:50  Hellion x3  
  69  7:51  Hellion x2  
  73  7:57  SCV x2  
  74  8:05  Orbital Command  
  74  8:12  Cyclone  
  77  8:14  Missile Turret, Hellion  
  77  8:15  Missile Turret, Hellion x2  
  80  8:40  SCV x3  
  83  8:42  Missile Turret x2  
  83  8:52  SCV  
  83  8:53  SCV  
  83  8:54  SCV  
  86  9:04  SCV  
  86  9:05  SCV  
  88  9:25  Hellion x11  
  88  9:27  Siege Tank  
  88  9:28  Hellion  
  93  9:33  Siege Tank, Hellion  
  84  9:45  Hellion x2  
Show
View Real Time Build Order
Export as new Build Order

Zen Terran 

Build Orders: Reaper Expand 

Get SALT Encoding   

  12  0:01  SCV  
  13  0:13  SCV  
  14  0:17  Supply Depot  
  14  0:25  SCV  
  15  0:38  SCV  
  15  0:40  Barracks  
  16  0:44  Refinery  
  16  0:50  SCV  
  17  1:05  SCV  
  18  1:17  SCV  
  19  1:29  Orbital Command  
  19  1:30  Reaper  
  20  1:42  Command Center  
  20  1:55  SCV  
  20  1:59  Supply Depot  
  21  2:07  SCV  
  22  2:09  Barracks Reactor  
  22  2:19  SCV  
  22  2:22  Factory  
  22  2:31  SCV  
  23  2:44  SCV  
  24  2:48  Command Center  
  24  2:56  SCV, Orbital Command  
  25  3:06  Starport  
  25  3:08  SCV  
  25  3:14  Hellion  
  25  3:18  Refinery, Hellion  
  29  3:20  Barracks Tech Lab  
  29  3:22  SCV  
  30  3:33  SCV  
  31  3:36  Hellion  
  31  3:39  Hellion  
  35  3:43  SCV  
  35  3:47  SCV  
  37  3:53  Stimpack, Marine  
  38  3:55  SCV  
  38  3:59  SCV  
  38  4:00  Hellion  
  38  4:02  Hellion  
  44  4:05  Orbital Command  
  44  4:09  Viking  
  46  4:11  SCV  
  46  4:13  SCV  
  48  4:18  Marine  
  48  4:23  SCV  
  52  4:25  SCV  
  55  4:33  Barracks  
  55  4:36  SCV  
  55  4:38  SCV x2  
  54  4:40  Barracks  
  54  4:44  Factory Reactor  
  54  4:46  Starport Reactor  
  54  4:48  SCV  
  54  4:50  SCV x2  
  57  4:52  Engineering Bay x2  
  57  4:54  Marine  
  57  4:57  Refinery  
  57  4:59  Refinery  
  58  5:00  SCV  
  58  5:02  SCV x2  
  61  5:12  Supply Depot  
  61  5:13  Supply Depot  
  61  5:14  Supply Depot  
  61  5:34  SCV x2, Medivac x2, Marine  
  68  5:36  Terran Infantry Weapons Level 1  
  68  5:38  Factory Tech Lab, Barracks  
  68  5:39  Barracks  
  60  5:43  Marine x4  
  60  5:45  Missile Turret  
  60  5:47  Terran Infantry Armor Level 1  
  60  5:51  Combat Shield  
  60  5:55  SCV x2  
  60  5:57  SCV  
  64  6:00  Missile Turret  
  64  6:01  Marine x3  
  64  6:03  Marine  
  68  6:06  Siege Tank  
  68  6:07  SCV x2  
  68  6:09  Marine  
  73  6:17  SCV  
  74  6:18  Marine  
  74  6:19  Marine x2  
  74  6:22  Marine  
  78  6:27  Marine  
  78  6:29  Barracks Reactor  
  79  6:35  SCV, Barracks Reactor  
  79  6:36  SCV, Marine x2  
  79  6:37  Medivac  
  85  6:41  Supply Depot x2  
  85  6:42  Supply Depot  
  85  6:46  Supply Depot  
  85  6:49  Armory  
  85  6:56  Orbital Command  
  85  6:58  Medivac  
  85  7:00  Marine x2  
  85  7:02  Marine x3  
  85  7:03  SCV, Siege Tank  
  85  7:05  SCV  
  85  7:06  Marine x2  
  85  7:07  Medivac  
  97  7:15  SCV  
  98  7:16  Refinery  
  98  7:17  SCV, Marine x2  
  98  7:18  Refinery, Marine x2  
  98  7:20  Marine x3  
  98  7:22  SCV  
  107  7:23  Marine  
  107  7:25  Marine  
  107  7:27  SCV  
  107  7:29  SCV  
  111  7:34  SCV, Marine  
  111  7:35  Marine  
  111  7:36  Marine x2  
  116  7:38  Terran Infantry Weapons Level 2, Marine  
  116  7:44  Terran Infantry Armor Level 2  
  117  7:46  SCV x2, Missile Turret  
  117  7:47  Supply Depot  
  118  8:02  Marine x7  
  125  8:08  SCV x2, Medivac x2, Marine x2  
  125  8:09  Missile Turret  
  125  8:12  Terran Vehicle Weapons Level 1  
  133  8:25  Marine  
  133  8:26  Marine  
  133  8:28  Marine x2  
  133  8:30  Marine  
  133  8:38  Command Center  
  133  9:12  Barracks  
  133  9:13  Barracks  
  133  9:14  Supply Depot x2, Barracks  
  133  9:15  SCV, Siege Tank, Medivac x2, Marine x8  
  149  9:17  Supply Depot  
  149  9:31  SCV, Marine  
  149  9:33  Marine  
  149  9:34  Marine  
  149  9:35  Marine x6  
  146  9:45  Medivac x2  
  136  9:47  Siege Tank  
  136  9:49  Marine  
  136  9:50  Marine  
  136  9:52  Marine  
  136  9:53  Marine x6  
Tags
 
Add a new tag
Caveats
  • Supply blocks, unpowered buildings, or Contaminate may cause inaccurate times.
  • Supply counts are checked every 10 seconds.